 Dungeon Crawl Stone Soup version 0.20.1-1-g8b1a95d (webtiles) character file.

87 letownia2 the Grave Robber (level 4, -4/36 HPs)
             Began as a Deep Dwarf Necromancer on Nov 5, 2017.
             Slain by an iguana (11 damage)
             ... on level 4 of the Dungeon.
             The game lasted 00:04:42 (1660 turns).

letownia2 the Grave Robber (Deep Dwarf Necromancer) Turns: 1660, Time: 00:04:43

Health: -4/36      AC:  2    Str: 11    XL:     4   Next: 28%
Magic:  5/8        EV: 12    Int: 17    God:
Gold:   142        SH:  0    Dex: 13    Spells: 5/9 levels left

rFire    . . .     SeeInvis .   a - +0 short sword
rCold    + . .     Gourm    .   (no shield)
rNeg     . . .     Faith    .   e - +0 robe
rPois    .         Spirit   .   (no helmet)
rElec    .         Reflect  .   (no cloak)
rCorr    .         Harm     .   (no gloves)
MR       .....                  (no boots)
Stlth    ++........             (no amulet)
Regen    0.0/turn               m - ring of protection from cold
MPRegen  0.2/turn               (no ring)

@: non-regenerating
A: damage resistance, heal wounds, sense surroundings 1, no regeneration
a: Heal Wounds


You were on level 4 of the Dungeon.
You were not hungry.

You visited 1 branch of the dungeon, and saw 4 of its levels.

You collected 142 gold pieces.

Inventory:

Hand Weapons
 a - a +0 short sword (weapon)
 j - a +0 hand axe
 n - a +0 spear
Armour
 e - a +0 robe (worn)
 o - a +0 cloak
Jewellery
 m - a ring of protection from cold (left hand)
Scrolls
 h - 2 scrolls of remove curse {unknown}
 i - a scroll of enchant weapon {unknown}
 k - a scroll of teleportation {unknown}
 l - a scroll of identify {unknown}
Potions
 d - 2 potions of lignification {unknown}
 g - 2 potions of heal wounds {unknown}
 q - a potion of curing {unknown}
Books
 b - a book of Necromancy

   Spells                             Type                      Level
   a - Pain                           Necromancy                   1
   b - Animate Skeleton               Necromancy                   1
   c - Vampiric Draining              Necromancy                   3
   d - Regeneration                   Charms/Necromancy            3
   e - Animate Dead                   Necromancy                   4
   f - Control Undead                 Necromancy                   4
Comestibles
 c - 3 bread rations
 f - a royal jelly


   Skills:
 - Level 2.1 Dodging
 - Level 2.4 Stealth
 - Level 3.0 Spellcasting
 + Level 5.4 Necromancy


You had 5 spell levels left.
You knew the following spells:

 Your Spells              Type           Power        Failure   Level  Hunger
a - Pain                  Necr           ###.         1%          1    None
v - Vampiric Draining     Necr           ###.......   5%          3    ###....


Dungeon Overview and Level Annotations

Branches:
Dungeon (4/15)
 Temple: D:4-7

Altars:
Cheibriados
Yredelemnul

Annotations:
D:3 exclusion: orc wizard
D:4 Grinder


Innate Abilities, Weirdness & Mutations

You are resistant to damage.
You can heal yourself by infusing magical energy.
You passively map a small area around you.
You do not regenerate.


Message History

Casting: Vampiric Draining
Confirm with . or Enter, or press ? or * to list all spells.
You don't know that spell.
The helpless iguana fails to defend itself.
You hit the iguana.
The iguana is lightly wounded.
The iguana bites you!
* * * LOW HITPOINT WARNING * * *
Unknown command.
Unknown command.
Unknown command.
Unknown command.
Casting: Vampiric Draining
Confirm with . or Enter, or press ? or * to list all spells.
Aiming: Vampiric Draining
Press: ? - help, Shift-Dir - straight line, f - iguana
Aim: an iguana The iguana is severely wounded.
You feel life coursing into your body. The iguana bites you!
You die...

* ###.# , #. #.# ,
,...# , ... * #.#
####..# * ,...####..
..##..#
........#####.##..# ,*
............#.##..# *
............#.##..# ,,
, , ,
..............##..#.#
** ,
#.....@..........#.#,
+....l#......###.#.# *
,###...#......#...#.#,*
, , #.#.#......#.#.#.#,
, , #.#.#......#.#.#.#
* * , #
#.#............# *
*,#.###+##.#.##..#
#.###+##.#.#...# ,
.....$..#.#.#.#


You could see an iguana.

Vanquished Creatures
  A worker ant (D:4)
  4 adders
  A worm (D:3)
  A dart slug (D:2)
  A ball python (D:2)
  A bat (D:3)
  3 giant cockroaches
  2 hobgoblins (D:1)
  3 jackals (D:3)
  A quokka (D:3)
  2 frilled lizards
  A goblin (D:3)
  2 kobolds
  A rat (D:2)
24 creatures vanquished.

Notes
Turn   | Place    | Note
-------+----------+-------------------------------------------
     0 | D:1      | letownia2 the Deep Dwarf Necromancer began the quest for the Orb.
     0 | D:1      | Reached XP level 1. HP: 15/15 MP: 3/3
   318 | D:2      | Reached XP level 2. HP: 5/22 MP: 1/5
   495 | D:2      | Found a basalt altar of Yredelemnul.
   495 | D:2      | Found a snail-covered altar of Cheibriados.
   684 | D:2      | Reached XP level 3. HP: 7/28 MP: 2/6
   686 | D:2      | Reached skill level 5 in Necromancy
   691 | D:2      | Learned a level 3 spell: Vampiric Draining
  1525 | D:4      | Reached XP level 4. HP: 10/36 MP: 1/8
  1592 | D:4      | Noticed Grinder
  1659 | D:4      | HP: 1/36 [iguana (12)]
  1660 | D:4      | Slain by an iguana

Skill      XL: |  1  2  3 |
---------------+----------+-----
Spellcasting   | 2 3 |  3.0
Necromancy     | 5 |  5.4
Dodging        | |  2.1
Stealth        | |  2.4

Action                   |  1- 3 |  4- 6 || total
-------------------------+-------+-------++-------
Melee: Short sword       |     6 |     1 ||     7
 Cast: Pain              |    48 |     1 ||    49
       Vampiric Draining |    10 |     2 ||    12
 Stab: Sleeping          |       |     1 ||     1
  Eat: Chunk             |     4 |       ||     4
Armor: Robe              |     4 |       ||     4
Dodge: Dodged            |    21 |     1 ||    22
